 Dungeon Crawl Stone Soup version 0.23.2-40-g277498a001 (webtiles) character file.

Game seed: 8514499366764947721

154 Fateric95 the Shield-Bearer (level 5, -9/41 HPs)
             Began as a Human Fighter on Sept 26, 2019.
             Killed by divine providence
             ... invoked by an orc priest
              (13 damage)
             ... on level 3 of the Dungeon.
             The game lasted 00:27:34 (2894 turns).

Fateric95 the Shield-Bearer (Human Fighter)         Turns: 2894, Time: 00:27:35

Health: -9/41      AC:  7    Str: 17    XL:     5   Next: 62%
Magic:  4/4        EV:  7    Int:  8    God:
Gold:   125        SH:  9    Dex: 13    Spells: 4/4 levels left

rFire    + . .     SeeInvis .   m - +1 falchion (holy)
rCold    x . .     Gourm    .   c - +0 shield
rNeg     . . .     Faith    .   b - +0 scale mail
rPois    .         Spirit   .   (helmet restricted)
rElec    .         Reflect  .   (no cloak)
rCorr    .         Harm     .   (no gloves)
MR       .....     Clarity  +   (no boots)
Stlth    ..........             (no amulet)
HPRegen  0.13/turn              h - ring of fire
MPRegen  0.09/turn              (no ring)

@: slowed, very slow
A: horns 1, clarity, low mp 1
a: no special abilities


You were on level 3 of the Dungeon.
You were not hungry.

You visited 1 branch of the dungeon, and saw 3 of its levels.

You collected 125 gold pieces.

Inventory:

Hand Weapons
 a - a +0 long sword
 j - a +3 great sword
 m - a +1 falchion of holy wrath (weapon)
Armour
 b - a +0 scale mail (worn)
 c - a +0 shield (worn)
Jewellery
 h - a ring of fire (left hand)
Scrolls
 f - a scroll of blinking {unknown}
 g - 6 scrolls of enchant armour {unknown}
 k - 3 scrolls of identify {unknown}
 l - 2 scrolls of remove curse {unknown}
Potions
 d - a potion of might
 i - a potion of degeneration {unknown}
 n - a potion of magic {unknown}
 o - a potion of resistance {unknown}


   Skills:
 + Level 3.5 Fighting
 + Level 3.3 Long Blades
 + Level 3.7 Armour
 + Level 1.0 Dodging
 + Level 0.4 Stealth
 + Level 3.8 Shields


You had 4 spell levels left.
You didn't know any spells.
Your spell library was empty.

Dungeon Overview and Level Annotations

Branches:
Dungeon (3/15)

Altars:
Qazlal


Innate Abilities, Weirdness & Mutations

You have a pair of small horns on your head.
You possess an exceptional clarity of mind.
Your magical capacity is low. (-10% MP)


Message History

The orc wizard casts a spell.
The orc wizard blinks!
The orc wizard gestures at you while chanting.
You resist with some effort. You block the orc priest's attack.
The orc priest hits you with a +0 mace.
* * * LOW HITPOINT WARNING * * *
You hit the orc wizard. You headbutt the orc wizard.
You kill the orc wizard!
Your Dodging skill increases to level 1!
You block the orc priest's attack.
You hit the orc priest.
The orc priest is almost dead.
The orc priest hits you with a +0 mace!
* * * LOW HITPOINT WARNING * * *
The orc priest hits you but does no damage.
You barely miss the orc priest. Your headbutt misses the orc priest.
The orc priest is almost dead.
The orc priest invokes the aid of Beogh against you.
Beogh smites you!
You die...

############..#
#.# ##.# #.#
####'###.##
#.........#
#.........#
#......(..#
#.........#
#.........#
#....)@...#
#.....o...#
#.........#
#.........#
###.##)..##
#......#
####..>#
######'#.#
#........#


You could see an orc priest.

Vanquished Creatures
  An orc wizard (D:3)
  3 gnolls (D:2)
  3 adders
  A dart slug (D:1)
  2 leopard geckos
  10 orcs (D:3)
  4 giant cockroaches
  7 goblins
  7 hobgoblins
  2 jackals (D:1)
  2 kobolds (D:2)
  A quokka (D:3)
  A ball python (D:3)
  4 bats
  3 frilled lizards
  6 rats
57 creatures vanquished.

Notes
Turn   | Place    | Note
-------+----------+-------------------------------------------
     0 | D:1      | Fateric95 the Human Fighter began the quest for the Orb.
     0 | D:1      | Reached XP level 1. HP: 18/18 MP: 1/1
   168 | D:1      | Reached XP level 2. HP: 24/24 MP: 2/2
   359 | D:1      | You fall through a shaft!
  1056 | D:2      | Reached XP level 3. HP: 26/29 MP: 3/3
  1467 | D:2      | Reached XP level 4. HP: 33/35 MP: 4/4
  1810 | D:2      | Found a stormy altar of Qazlal.
  2500 | D:3      | Reached XP level 5. HP: 27/41 MP: 5/5
  2505 | D:3      | Gained mutation: You have a pair of small horns on your
                  | head. [potion of mutation]
  2505 | D:3      | Gained mutation: Your magical capacity is low. (-10% MP)
                  | [potion of mutation]
  2505 | D:3      | Gained mutation: You possess an exceptional clarity of
                  | mind. [potion of mutation]
  2892 | D:3      | Reached skill level 1 in Dodging
  2894 | D:3      | Killed from afar by an orc priest

Skill      XL: |  1  2  3  4  5 |
---------------+----------------+-----
Long Blades    | 3 |  3.3
Dodging        | 1 |  1.0
Fighting       | |  3.5
Armour         | |  3.7
Stealth        | |  0.4
Shields        | |  3.8

Action                   |  1- 3 |  4- 6 || total
-------------------------+-------+-------++-------
Melee: Long sword        |    73 |    42 ||   115
       Great sword       |       |    12 ||    12
       Falchion          |       |    38 ||    38
       Headbutt          |       |     6 ||     6
  Use: Potion            |     2 |     7 ||     9
  Eat: Ration            |     1 |     1 ||     2
Armor: Scale mail        |    39 |    61 ||   100
Dodge: Dodged            |    23 |    46 ||    69
Block: Shield            |    45 |    60 ||   105
       Rpst.: Long sword |    11 |     6 ||    17
       Great sword       |       |     3 ||     3
       Falchion          |       |     1 ||     1
